[Event "*** Titled Tuesday Blitz"]
[Site "Chess.com"]
[Date "2020.05.19"]
[Round "8"]
[White "Bigfish1995"]
[Black "Onischuk_V"]
[Result "1/2-1/2"]
[WhiteElo "3006"]
[BlackElo "2904"]
[TimeControl "180+1"]
[EndTime "13:37:49 PDT"]
[Termination "Game drawn - insufficient material"]

1. e4 d6 2. d4 Nf6 3. Nc3 g6 4.
Be3 c6 5. a4 Nbd7 6. Be2 e5 7. d5 c5 8. Nf3 a6 9. Nd2 Bg7 10. Nc4 Qc7 11. g4 Nb6 12. g5 Nfd7 13. Nd2 Rb8 14. h4 h5 15. a5 Na8 16. Nc4 b5 17. axb6 Naxb6 18. Na5 O-O 19. Nc6 Ra8 20. Bxh5 Re8 21. Be2 Nf8 22. b3 Bd7 23. Na5 Nc8 24. Bd3 Na7 25. Nc6 Nxc6 26. dxc6 Qxc6 27. h5 Be6 28.
Qf3 gxh5 29. Qxh5 Ng6 30. Bc4 Kf8 31. Bxe6 Rxe6 32. Nd5 c4 33. b4 Nf4 34. Qf3 Qb7 35.
O-O Nxd5 36. exd5 Rg6 37. Qe4 Bf6 38. Qf5 Qe7 39. f4 exf4 40. Bxf4 Bxg5 41. Bg3 Be3+ 42. Kg2 Kg7 43. Rf3 Bd4 44. Raf1 Be5 45. Qxf7+ Qxf7 46. Rxf7+ Kh8 47. Rh1+ Kg8 48. Rf3 Rf8 49. Re3 Rf7 50. Rh3 Rfg7 51. c3 Kf7 52. Rf3+ Ke7 53. Kf2 Rxg3 54. Rhxg3 Bxg3+ 55. Rxg3 Rxg3 56. Kxg3 Kf6 57. Kf4 Kg6 58. Ke4 Kg5 59. Kd4 Kf4 60. Kxc4 Ke4 61.
b5 axb5+ 62. Kxb5 Kxd5 63. c4+ Kd4 64. Kc6 Kxc4 65. Kxd6 1/2-1/2

[Event "*** Titled Tuesday Blitz"]
[Site "Chess.com"]
[Date "2020.05.19"]
[Round "8"]
[White "FMVolodymyrSakun"]
[Black "Megagigahiper3345"]
[Result "1-0"]
[WhiteElo "2508"]
[BlackElo "2611"]
[TimeControl "180+1"]
[EndTime "13:37:49 PDT"]
[Termination "FMVolodymyrSakun won on time"]

1. e4 c5 2. Nf3 d6 3. d4 cxd4 4. Qxd4 a6 5. c4 Nc6 6. Qe3 g6 7. Be2 Bg7 8. O-O Nf6 9. h3 O-O 10. Rd1 Nd7 11. Nc3 Nc5 12. Nd5 Be6 13. Rb1 a5 14. b3 Nxe4 15. Qxe4 Bf5 16. Qh4 Bxb1 17.
Bh6 e6 18. Ng5 exd5 19. Bxg7 Kxg7 20. Qxh7+ Kf6 21. Qh4 Kg7 22. Qh7+ Kf6 23. Qh4 Rh8 24. Qf4+ Bf5 25. g4 Kg7 26. gxf5 Qf6 27. Rxd5 Ne5 28.
Ne4 Qxf5 29. Qxf5 gxf5 30. Nxd6 Ng6 31. Nxf5+ Kf6 32. Bg4 Ra6 33. Rd7 Ne5 34. Rxb7 Nxg4 35. hxg4 Rg8 36. f3 Re6 37. Kf2 a4 38. b4 Rc8 39. c5 a3 40. Nd6 Ra8 41. Ne4+ Ke5 42. Ke3 Kd5 43. Rxf7 Kc4 44. g5 Kxb4 45. Rf6 Re5 46.
Rb6+ Ka4 47. g6 Ka5 48. Rb7 Rd5 49. g7 Re8 50. Kf4 Rd4 51. Kf5 Rd3 52. f4 Re3 53. Nf6 Rc8 54. g8=Q Rxg8 55. Nxg8 Re2 56. c6 Rxa2 57. c7 Rc2 58. Ne7 a2 59. Ra7+ Kb6 60.
c8=Q Kxa7 61. Qxc2 a1=Q 62. Qc5+ Kb7 63. Qd5+ Ka7 64. Qe5 Kb7 65. Qxa1 1-0

[Event "*** Titled Tuesday Blitz"]
[Site "Chess.com"]
[Date "2020.05.19"]
[Round "8"]
[White "GMaka"]
[Black "ChocolateRoses"]
[Result "0-1"]
[WhiteElo "2418"]
[BlackElo "2281"]
[TimeControl "180+1"]
[EndTime "13:37:49 PDT"]
[Termination "ChocolateRoses won by resignation"]

1. b3 e5 2. Bb2 Nc6 3. e3 Nf6 4. Bb5 Bd6 5. Nf3 Qe7 6. Bxc6 dxc6 7. d3 Bg4 8. h3 Bh5 9. g4 Bg6 10. e4 O-O-O 11. Nc3 Bb4 12. Kf1 Nxe4 13. Nxe4 Bxe4 14. dxe4 Rxd1+ 15. Rxd1 f6 16. Kg2 Rd8 17. Kg3 Qc5 18.
Rxd8+ Kxd8 19. Rd1+ Ke8 20. c4 a5 21. Nh4 g6 22. Ng2 a4 23. Ne3 a3 24. Ba1 Qe7 25.
h4 Bc5 26. Bc3 Bd4 27. Bxd4 exd4 28. Nc2 c5 29. f4 Kf7 30. Kf3 Qd7 31. Nxa3 c6 32.
Nc2 b5 33. Ne1 Qa7 34. Nd3 Qxa2 35. Nxc5 Qa3 36. Nd3 Qxb3 37. Ke2 bxc4 38. Nc5 Qe3+ 39. Kf1 Qxf4+ 40. Ke2 Qxg4+ 41. Kd2 Qxh4 42. Kc2 Qh2+ 43. Rd2 Qd6 44. Nb7 d3+ 45. Kc3 Qd7 46. Nc5 Qe7 47. Kxc4 h5 48. Rxd3 Kg8 49. Rd7 Qe5 50. Kd3 Qg3+ 51.
Kd4 h4 52. Rd8+ Kh7 53. Rd7+ Kh6 54. Ne6 Qg1+ 55. Kc4 h3 56. Rd8 Kh5 57. Rh8+ Kg4 58. Nf8 Qc1+ 59. Kd4 Kg3 60. Nxg6 Qb2+ 61. Kc5 h2 62.
Ne7 Qc1+ 63. Kd6 h1=Q 64. Nf5+ Kg2 65. Rxh1 Kxh1 66. Ne3 Qxe3 0-1

[Event "*** Titled Tuesday Blitz"]
[Site "Chess.com"]
[Date "2020.05.19"]
[Round "8"]
[White "SlavenPastar"]
[Black "1g41-0"]
[Result "1/2-1/2"]
[WhiteElo "2400"]
[BlackElo "2516"]
[TimeControl "180+1"]
[EndTime "13:37:50 PDT"]
[Termination "Game drawn - timeout vs insufficient material"]

1. d4 Nf6 2. c4 g6 3. Nc3 Bg7 4.
Bg5 d6 5. e3 O-O 6. Nf3 h6 7.
Bh4 Nbd7 8. Be2 c6 9. O-O e5 10.
d5 c5 11. Nd2 g5 12. Bg3 Ne8 13. f4 f5 14. Bd3 gxf4 15. exf4 e4 16. Be2 Nef6 17.
Bh4 a6 18. a4 Qe8 19. Qc2 Qg6 20. Nd1 Ng4 21. h3 Bd4+ 22. Kh1 Ngf6 23. Nb3 Nh5 24. Qd2 Bg7 25. Bxh5 Qxh5 26. Be7 Re8 27. Bxd6 Nf6 28. Be5 Kh7 29. Ne3 Qg6 30. Nxc5 h5 31.
Qf2 Bf8 32. Nb3 Nd7 33. Bc3 Bh6 34. Nd4 Nc5 35. Qh4 Nd3 36. Rad1 Bd7 37. b3 Rg8 38.
Ne2 Rae8 39. Rg1 b5 40. axb5 axb5 41. Rgf1 bxc4 42. bxc4 Ra8 43. Qf6 Qxf6 44. Bxf6 Ra2 45. Nc3 Nf2+ 46. Rxf2 Rxf2 47. c5 Bxf4 48. c6 Bxe3 49.
cxd7 Rgxg2 50. Be5 f4 51. Bxf4 Bxf4 52. d8=Q Rh2+ 53.
Kg1 Rfg2+ 54. Kf1 Be3 55. Qe7+ Kh6 56. Qe6+ Rg6 57. Qxg6+ Kxg6 58. Nxe4 Bg5 59. Nxg5 Kxg5 60. d6 Rh1+ 61. Ke2 Rxd1 62. Kxd1 Kf6 63. Ke2 Ke6 64.
Kf3 Kxd6 65. Kf4 Ke7 66. Kg5 Kf8 67. Kxh5 Kg8 68. Kg6 Kh8 69. h4 Kg8 70. h5 Kh8 71. h6 Kg8 72. h7+ Kh8 1/2-1/2

[Event "*** Titled Tuesday Blitz"]
[Site "Chess.com"]
[Date "2020.05.19"]
[Round "8"]
[White "Parkas"]
[Black "Ana_Berke"]
[Result "1-0"]
[WhiteElo "2280"]
[BlackElo "2099"]
[TimeControl "180+1"]
[EndTime "13:37:50 PDT"]
[Termination "Parkas won by resignation"]

1. e4 c5 2. Ne2 d6 3. g3 Nf6 4. Bg2 Nc6 5. d4 cxd4 6. Nxd4 g6 7.
O-O Bg7 8. Nc3 O-O 9. Nde2 a6 10.
Nd5 Be6 11. Nef4 Bd7 12. Be3 Nxd5 13. exd5 Ne5 14. Bd4 Rc8 15. b3 b5 16. Rc1 b4 17.
Re1 a5 18. Nd3 Nf3+ 19. Qxf3 Bxd4 20. Qe4 Bf6 21. h4 Bf5 22. Qe3 h5 23. Be4 Bxe4 24.
Qxe4 Qd7 25. Re2 Rfe8 26. Rce1 Rc7 27. Nf4 Kg7 28. Ng2 Rec8 29. Ne3 Bc3 30. Rd1 Bf6 31. Nc4 Rc5 32. Nb6 Qc7 33. Nxc8 Qxc8 34. Kh2 Qc7 35. Kg2 Rc3 36. Rde1 Be5 37. Rd1 Bf6 38. Rdd2 Be5 39. Re3 Rc5 40. Rf3 Bf6 41. Kh1 Qb7 42. Rf4 Be5 43.
Rf3 Bc3 44. Re2 Bf6 45. Qd3 Rxd5 46. Qe4 Rd1+ 47. Kg2 Qc7 48. Qa8 Rc1 49. Rf4 Rxc2 50. Rxc2 Qxc2 51. Qxa5 Qc6+ 52. Rf3 Bc3 53. Qa7 Bf6 54.
Qe3 d5 55. Kh2 d4 56. Qd3 Qc3 57. Kg2 Qb2 58. Qc4 Qxa2 59. Qxb4 Qc2 60. Qc4 Qd1 61. b4 Qb1 62. b5 e6 63. Qc6 d3 64. Qd7 d2 65. Qxd2 Qxb5 66. Qf4 Qe5 67. Qxe5 Bxe5 68. Rd3 Kf6 69. Kf3 Bb2 70. Rb3 e5 71. Rxb2 1-0

[Event "*** Titled Tuesday Blitz"]
[Site "Chess.com"]
[Date "2020.05.19"]
[Round "8"]
[White "IMTominho"]
[Black "FairChess_on_YouTube"]
[Result "0-1"]
[WhiteElo "2834"]
[BlackElo "3029"]
[TimeControl "180+1"]
[EndTime "13:37:53 PDT"]
[Termination "FairChess_on_YouTube won on time"]

1. d4 Nf6 2. c4 e6 3. Nf3 b6 4. g3 Bb7 5. Bg2 Bb4+ 6. Bd2 a5 7. O-O O-O 8. Bf4 Be7 9. Qc2 Be4 10. Qc1 Bb7 11. Nc3 Ne4 12. Rd1 d6 13. Nb5 Nd7 14. Qc2 f5 15. Rac1 Ndf6 16. Ng5 Qd7 17. Nxe6 Qxe6 18. Nxc7 Qf7 19. Nxa8 Bxa8 20. d5 Qh5 21. Bf3 Qh3 22. Bg2 Qh5 23. Bf3 Qg6 24. Be3 Nc5 25. Bg2 Qh5 26. h3 Bb7 27. Bd4 Bc8 28.
a3 a4 29. e3 f4 30. exf4 Bxh3 31. Bxc5 bxc5 32. f3 Bd7 33. Re1 Bd8 34. Qe2 Qh6 35.
Qd2 Nh5 36. Qf2 Bf6 37. Rcd1 g5 38. fxg5 Qxg5 39. Kh2 Qh6 40. Kg1 Qg7 41. g4 Nf4 42. Re4 Be5 43. Qh4 Kh8 44. Kh1 Ng6 45. Qh5 Bxb2 46.
Rde1 Bxa3 47. f4 Bb4 48. Rf1 a3 49. f5 a2 50. Qg5 a1=Q 51. Rxa1 Qxa1+ 52. Kh2 Ne5 53. Qe7 Nxg4+ 54. Rxg4 Qe5+ 55. Qxe5+ dxe5 56. Re4 Rxf5 57. Kg3 Rg5+ 58. Kf2 Bc3 59. Bf3 Bd4+ 60. Ke2 Bf5 61.
Rh4 Kg7 62. d6 Rg6 63. Rh5 Bd7 64. Be4 Bg4+ 65. Kd2 Bxh5 66. Bxg6 Bg4 67. Be4 Bd7 0-1

[Event "*** Titled Tuesday Blitz"]
[Site "Chess.com"]
[Date "2020.05.19"]
[Round "8"]
[White "Justinz"]
[Black "Patolindo"]
[Result "1-0"]
[WhiteElo "2310"]
[BlackElo "2110"]
[TimeControl "180+1"]
[EndTime "13:37:53 PDT"]
[Termination "Justinz won by resignation"]

1. e4 c5 2. Nf3 e6 3. d4 cxd4 4. Nxd4 Nc6 5. Nc3 Qc7 6. Be2 a6 7. O-O Bb4 8. Qd3 Nge7 9. a3 Bc5 10. Nb3 Ba7 11. Kh1 Ne5 12. Qg3 d6 13. f4 N5g6 14. f5 exf5 15. Bg5 f4 16. Bxf4 Nxf4 17. Rxf4 O-O 18.
Bd3 Be6 19. h4 Ng6 20. Rff1 Qe7 21. h5 Ne5 22. Rae1 Kh8 23. Nd5 Bxd5 24. exd5 Rae8 25. c3 Qd7 26. Bc2 Qg4 27. Qh2 Qg5 28. Rf5 Ng4 29.
Rxe8 Rxe8 30. Qg3 Qe7 31. Rf1 Nf2+ 32. Kh2 Ne4 33. Qf4 Ng5 34. Nd4 Bxd4 35. cxd4 h6 36. Qf5 Qe2 37. Bd1 Qxb2 38. Qf4 Qb6 39. Bg4 Qd8 40.
Bf5 Qe7 41. Rc1 Qe2 42. Bg4 Qe3 43. Qxe3 Rxe3 44. Rc8+ Kh7 45. Bf5+ g6 46. hxg6+ fxg6 47. Bg4 Rd3 48. Rc7+ Kg8 49. Rxb7 Rxd4 50. Be6+ Kf8 51. Rb6 Nxe6 52. dxe6 Ke7 53. Rxa6 Kxe6 54. Kg3 Rd3+ 55.
Kf4 Rd2 56. Kf3 Rd3+ 57. Ke2 Rg3 58. Kf2 Rg5 59. a4 Rc5 60. a5 Rc2+ 61. Kg3 g5 62.
Ra8 h5 63. a6 h4+ 64. Kh3 Rc3+ 65. Kh2 g4 66. a7 Rc2 67. Re8+ Kf5 68. a8=Q g3+ 69. Kh3 1-0

[Event "*** Titled Tuesday Blitz"]
[Site "Chess.com"]
[Date "2020.05.19"]
[Round "8"]
[White "Zurability"]
[Black "Gerasimenyuk_Miha"]
[Result "1-0"]
[WhiteElo "2699"]
[BlackElo "2399"]
[TimeControl "180+1"]
[EndTime "13:37:54 PDT"]
[Termination "Zurability won on time"]

1. c4 c5 2. Nf3 Nc6 3. Nc3 d6 4. d4 cxd4 5. Nxd4 Nxd4 6. Qxd4 Nf6 7. g3 g6 8. Bg2 Bg7 9. O-O h5 10. Bg5 a6 11. Rad1 O-O 12. Qd3 Bf5 13. e4 Be6 14. b3 Rc8 15. e5 dxe5 16. Bxb7 Rb8 17.
Qxd8 Rfxd8 18. Bxa6 Bg4 19. Rxd8+ Rxd8 20. f3 Bh3 21.
Re1 Rd3 22. Re3 Rd2 23. Re2 Rd3 24. Re3 Rd2 25. c5 Rg2+ 26. Kh1 Rc2 27. Rd3 e4 28. fxe4 Ng4 29. Nd1 Rxh2+ 30. Kg1 Rxa2 31. Bc4 Rg2+ 32. Kh1 Ne5 33. Rd8+ Kh7 34. Bf1 Rxg3 35. Bxh3 Rxh3+ 36.
Kg2 Rxb3 37. Bxe7 Rb1 38. Ne3 Rb2+ 39. Kf1 Nc6 40. Rd7 Bd4 41. Bg5 Bxe3 42. Bxe3 Ne5 43. Re7 Ng4 44. Bd4 Rb1+ 45. Ke2 g5 46. Rxf7+ Kg6 47. Rg7+ Kh6 48. c6 Rc1 49. c7 h4 50.
Rd7 h3 51. Kd2 h2 52. Rd6+ Kh5 53. Kxc1 h1=Q+ 54. Kd2 Qg2+ 55. Kd3 Qf1+ 56. Kd2 Qg2+ 57.
Kd3 Qf3+ 58. Kc4 Qe2+ 59. Kd5 Qb5+ 60. Bc5 Qb7+ 61. Rc6 Qc8 62. Bd6 Nf6+ 63. Kd4 Nd7 64. e5 Nxe5 65. Bxe5 Qd7+ 66. Kc5 Qc8 67. Kb6 g4 68.
Rd6 g3 69. Bxg3 Kg4 70. Be5 1-0

[Event "*** Titled Tuesday Blitz"]
[Site "Chess.com"]
[Date "2020.05.19"]
[Round "8"]
[White "lupta_robin"]
[Black "gvanna"]
[Result "0-1"]
[WhiteElo "2604"]
[BlackElo "2476"]
[TimeControl "180+1"]
[EndTime "13:37:56 PDT"]
[Termination "gvanna won by checkmate"]

1. e4 c5 2. Nf3 Nc6 3. d4 cxd4 4. Nxd4 g6 5. c4 Nf6 6. Nc3 Nxd4 7. Qxd4 d6 8. Be3 Bg7 9. Be2 O-O 10. Qd2 a5 11. O-O a4 12. Rac1 Be6 13. f3 Nd7 14. Nd5 Nc5 15.
Bd4 Bxd4+ 16. Qxd4 Bxd5 17. exd5 Qa5 18. f4 Qb4 19. h4 b5 20. h5 bxc4 21. Rxc4 Qb6 22. Kh2 Rab8 23. Rc2 Nd7 24. Qxa4 Nf6 25. Bf3 Ra8 26.
Qc4 Kg7 27. a4 Rfb8 28. Ra1 gxh5 29. Ra3 Rc8 30. Qd3 Qb4 31. Rxc8 Rxc8 32. Qf5 Qxb2 33. Re3 Rc7 34. Bxh5 Kf8 35. Qg5 Qd4 36. Rg3 Ke8 37.
Bf3 Rc4 38. a5 Qxf4 39. Qg7 Qh4+ 40. Rh3 Qf4+ 41. Rg3 Ra4 42. Qh8+ Kd7 43. Qb8 Qh4+ 44. Rh3 Qf4+ 45. Rg3 Qb4 46. Qa7+ Kd8 47. Qa8+ Kc7 48. Qa7+ Kd8 49. Rh3 Qxa5 50. Qe3 Qb4 51. Kg3 Qd4 52.
Qxd4 Rxd4 53. Rh6 Nxd5 54. Rxh7 f6 55. Kf2 f5 56. Ke2 f4 57. Kf2 e5 58. Ke2 Nc3+ 59. Kf2 Rd2+ 60. Ke1 Rb2 61. Bg4 Ke8 62. Rd7 d5 63.
Be6 e4 64. Ra7 e3 65. Bg4 Rb1+ 66. Bd1 Rxd1# 0-1

[Event "*** Titled Tuesday Blitz"]
[Site "Chess.com"]
[Date "2020.05.19"]
[Round "8"]
[White "K_A_S_T_O_R"]
[Black "Aikiigm"]
[Result "1-0"]
[WhiteElo "2734"]
[BlackElo "2540"]
[TimeControl "180+1"]
[EndTime "13:37:58 PDT"]
[Termination "K_A_S_T_O_R won by resignation"]

1. e4 Nf6 2. e5 Nd5 3. d4 d6 4.
Nf3 dxe5 5. Nxe5 c6 6. Be2 Bf5 7. c3 Nd7 8. Nf3 Qc7 9. O-O e6 10. Re1 Bd6 11. Bf1 O-O 12. Nbd2 Rfe8 13. Nc4 Bf8 14. g3 c5 15. Qb3 Rec8 16. a4 cxd4 17. Nxd4 Nc5 18. Qd1 Bg6 19. Qf3 Rd8 20. h4 h6 21. h5 Bh7 22. Nb5 Qe7 23. Ne5 a6 24.
Nd4 Qf6 25. Qg4 Bd6 26. f4 Kh8 27. Qf3 Bxe5 28. Rxe5 Rab8 29. Bd2 Ne7 30. Be3 Nd3 31. Bxd3 Bxd3 32. Bf2 Bc4 33. Rae1 Bd5 34. Qe2 Rbc8 35. a5 Kg8 36. Rc1 Rd7 37. Re1 Rdc7 38. Qg4 Rc5 39.
Ra1 Rc4 40. Qe2 Nc6 41. Nxc6 R4xc6 42. Bd4 Qd8 43. Qg4 f6 44. Re3 Kh8 45. b4 Qf8 46. Rae1 Qf7 47. Qe2 Rd8 48. Kh2 Rd7 49. g4 Rc8 50. Rg1 Rf8 51. Reg3 Bc6 52. g5 e5 53.
g6 Qd5 54. fxe5 fxe5 55. Qxe5 Rf2+ 56. Kh3 Qxe5 57. Bxe5 Rdd2 58. Re3 Bd7+ 59. Kg3 Rh2 60. Bd4 Rh3+ 61. Kf4 Rf2+ 62. Ke4 Rxh5 63. Kd3 Bf5+ 64. Kc4 Bxg6 65. Rxg6 Rg5 66. Rxh6+ Kg8 67. Rhe6 Kf7 68. Re7+ Kg6 69. Rxb7 Kh5 70. Rb6 Kg4 71. Re5 g6 72. Rxg5+ Kxg5 73. Rxa6 Kf5 74. Rb6 g5 75. Rb5+ Ke4 76. Re5+ Kf3 77. Rxg5 1-0

[Event "*** Titled Tuesday Blitz"]
[Site "Chess.com"]
[Date "2020.05.19"]
[Round "8"]
[White "Xeniya2005"]
[Black "Nikithebest"]
[Result "0-1"]
[WhiteElo "2284"]
[BlackElo "2444"]
[TimeControl "180+1"]
[EndTime "13:37:58 PDT"]
[Termination "Nikithebest won by resignation"]

1. e4 c5 2. Nf3 d6 3. d4 cxd4 4. Nxd4 Nf6 5. Nc3 g6 6. Be3 a6 7. f3 b5 8. a4 b4 9. Na2 e5 10. Nb3 d5 11. exd5 Nxd5 12. Bf2 Be7 13. Bc4 Be6 14.
O-O O-O 15. Re1 Nc6 16. Nc5 a5 17. Nxe6 fxe6 18. Qd3 Qd6 19. Rad1 Rad8 20. Qe2 Nd4 21. Bxd4 exd4 22. Qxe6+ Qxe6 23. Rxe6 Bf6 24. Nc1 Kg7 25. Bxd5 Rxd5 26. Nb3 Rc8 27. Re2 g5 28. Rd3 h5 29.
Kf2 Kg6 30. g3 Rc4 31. Rdd2 g4 32. f4 Kf5 33. Ke1 h4 34. Kd1 hxg3 35. hxg3 Rc8 36. Rd3 Rh8 37. Nd2 Rh1+ 38. Re1 Rh2 39. Nc4 Rg2 40.
Re2 Rg1+ 41. Kd2 Rc5 42. b3 Rh1 43. Nd6+ Kg6 44. Ne4 Rc6 45. Nxf6 Kxf6 46. Rxd4 Rg1 47. Rd3 Rc5 48. Rde3 Rc3 49. Rxc3 bxc3+ 50. Kxc3 Rxg3+ 51. Kd4 Rf3 52. Ke4 Rf1 53. Rg2 Re1+ 54. Kd4 Kf5 55. c4 Kxf4 56. c5 Kf3 57. Rc2 g3 58. c6 g2 59. Rxg2 Kxg2 60. Kc4 Kf3 61. Kb5 Ke4 62.
c7 Rc1 63. Kb6 Kd4 64. Kb7 Rc3 65. c8=Q Rxc8 66. Kxc8 Kc3 67. Kb7 Kxb3 68. Kb6 Kxa4 69. Kc5 Kb3 70. Kd4 a4 71. Kd3 a3 72. Kd2 Kb2 0-1

[Event "*** Titled Tuesday Blitz"]
[Site "Chess.com"]
[Date "2020.05.19"]
[Round "8"]
[White "MidnightFox"]
[Black "joksijoksi"]
[Result "0-1"]
[WhiteElo "2466"]
[BlackElo "2344"]
[TimeControl "180+1"]
[EndTime "13:38:00 PDT"]
[Termination "joksijoksi won by checkmate"]

1. e4 e6 2. d4 d5 3. exd5 exd5 4. Qf3 Nf6 5. h3 Be7 6. Bd3 O-O 7. Ne2 Be6 8. O-O Nbd7 9. c3 c5 10. dxc5 Nxc5 11. Bc2 Nce4 12. Nd2 Qb6 13. Nd4 Nxd2 14. Bxd2 Bc5 15. Nb3 Be7 16. Be3 Qc7 17. Bd4 a5 18. Nd2 b5 19. a3 b4 20. axb4 axb4 21. Rxa8 Rxa8 22. Bf5 Ra2 23. Bxe6 fxe6 24. Qe3 Qc6 25. cxb4 Bxb4 26. Nf3 Ra8 27. Rc1 Qd6 28. Ne5 Re8 29.
Rc6 Qd8 30. Nd3 Bd6 31. f4 Qd7 32. Rc1 Ne4 33. Qf3 Rf8 34. Qg4 g6 35. Re1 Qf7 36. Be5 Bxe5 37. fxe5 Nf2 38. Rf1 Nxg4 39. Rxf7 Rxf7 40.
hxg4 Rb7 41. Kf2 Rb3 42. Ke3 Kf7 43. Kd2 h5 44. g5 Rb5 45. Kc3 Rb8 46. Kd4 Ra8 47.
Ke3 Ra1 48. Kf3 Rf1+ 49. Ke2 Rf5 50. Ke3 Rxg5 51. Kf3 Rf5+ 52. Ke3 g5 53. Ke2 h4 54. Ke3 g4 55. Nf2 Rxe5+ 56. Kd2 h3 57. gxh3 g3 58. Ng4 Rg5 59. Ne3 g2 60. Nxg2 Rxg2+ 61. Kc3 Rh2 62. b4 Rxh3+ 63. Kd4 Rh8 64. Kc5 Rb8 65. b5 Kf6 66. b6 Ke5 67. Kc6 d4 68. Kc7 Rxb6 69. Kxb6 d3 70. Kc5 d2 71. Kc4 d1=Q 72. Kc3 Qd5 73. Kb2 Kd6 74. Kc3 e5 75. Kb4 e4 76.
Ka3 e3 77. Kb2 e2 78. Kc2 e1=Q 79. Kb2 Qb4+ 80. Kc2 Qbb3+ 81. Kc1 Qdd1# 0-1

[Event "*** Titled Tuesday Blitz"]
[Site "Chess.com"]
[Date "2020.05.19"]
[Round "8"]
[White "chessdjw"]
[Black "rpragchess"]
[Result "0-1"]
[WhiteElo "2723"]
[BlackElo "2843"]
[TimeControl "180+1"]
[EndTime "13:38:03 PDT"]
[Termination "rpragchess won on time"]

1. e4 c5 2. Nf3 e6 3. d4 cxd4 4. Nxd4 a6 5. c4 Nf6 6. Nc3 Qc7 7. Be2 Bb4 8. Nc2 Bxc3+ 9. bxc3 d6 10. f3 O-O 11. O-O d5 12. cxd5 exd5 13. exd5 Qxc3 14. Ba3 Rd8 15. Bb4 Qb2 16. Rb1 Qxa2 17. Be7 Rxd5 18.
Qc1 Nc6 19. Bxf6 gxf6 20. Re1 Bf5 21. Rb2 Qa5 22. Ne3 Rc5 23. Qa1 Qxa1 24. Rxa1 Nd4 25. Nxf5 Nxe2+ 26. Rxe2 Rxf5 27. Rb2 b5 28. Ra5 Rd5 29.
Kf2 f5 30. Kg3 Kg7 31. h4 Kf6 32. Kh3 Ke5 33. Rb4 Kd6 34. h5 Kc5 35. Rb2 Kb6 36. Ra1 a5 37. Re1 Ra7 38. Re8 b4 39. Rb8+ Kc5 40.
Rc2+ Kd6 41. Rb6+ Ke7 42. Re2+ Kd7 43. Rf6 Kc7 44. Rxf7+ Rd7 45. Rxf5 a4 46. Rc5+ Kb6 47. Rc4 b3 48. Re6+ Kb5 49. Rf4 a3 50. Re5+ Kc6 51. Rf6+ Rd6 52. Rf8 a2 53. Rc8+ Kd7 54.
Ree8 a1=Q 55. Red8+ Ke6 56. Re8+ Kd5 57. Re2 b2 58. Rd2+ Ke6 59. Re2+ Kd7 60. Ree8 b1=Q 61. Rcd8+ Kc6 62. Rc8+ Kd5 63. Re4 Qxe4 64. fxe4+ Kxe4 65. h6 Rxh6+ 66. Kg3 Rg7+ 67. Kf2 Qd4+ 68. Ke2 Rxg2+ 0-1

[Event "*** Titled Tuesday Blitz"]
[Site "Chess.com"]
[Date "2020.05.19"]
[Round "8"]
[White "MilanJeremic"]
[Black "bait_or_mate"]
[Result "0-1"]
[WhiteElo "2296"]
[BlackElo "2460"]
[TimeControl "180+1"]
[EndTime "13:38:03 PDT"]
[Termination "bait_or_mate won by resignation"]

1. d4 Nf6 2. Nf3 e6 3. Bf4 d5 4.
e3 c5 5. c3 Nc6 6. Nbd2 cxd4 7.
exd4 Nh5 8. Bg3 g6 9. Be2 Bg7 10. Qb3 O-O 11. O-O Nxg3 12. hxg3 Rb8 13. Bb5 Bd7 14. Bxc6 Bxc6 15. Rfe1 Qd6 16. Ne5 Rfc8 17. Ndf3 Be8 18. a3 b6 19. Qb4 Qd8 20. Qb3 f6 21.
Nd3 Bf7 22. Nf4 Qd6 23. Qb4 Rd8 24. Qxd6 Rxd6 25. Re2 Rc8 26. Rae1 Rcc6 27. Nd3 Kf8 28. Nb4 Rc8 29. g4 g5 30. Nd3 Ke7 31. Nd2 Kd7 32. g3 Bg6 33. Re3 h5 34. gxh5 Bxh5 35. Kg2 Bg6 36. f4 Bh6 37. Rf1 Bxd3 38. Rxd3 gxf4 39.
gxf4 Rg8+ 40. Rg3 Rxg3+ 41. Kxg3 Ke7 42. Rh1 Bg7 43. Nf3 Rd8 44. Ne1 Rh8 45. Rxh8 Bxh8 46. Nd3 Bg7 47. Kg4 f5+ 48. Kf3 Bf6 49. Nb4 Kd6 50.
Nc2 Bh4 51. Ke3 Kc6 52. Kd3 Kb5 53. b3 Bg3 54. Ke3 Kc6 55. Nb4+ Kd6 56. Nd3 Bh4 57.
c4 a5 58. Kd2 Bg3 59. Kc3 Kc6 60. b4 dxc4 61. Kxc4 b5+ 62. Kc3 a4 63. Kd2 Kd5 64. Ke3 Kc4 65. Nc5 Kd5 66. Nd7 Be1 67. Nf6+ Kc4 68.
Nd7 Bc3 69. Nf8 Kd5 70. Kd3 Bb2 71. Nd7 Bxa3 72. Kc3 Bc1 73. Nb6+ Kc6 74. Nc8 Bxf4 75. Ne7+ Kd7 76. Ng6 Bg3 77. Kd3 Ke8 78. d5 exd5 79. Kd4 Kf7 80. Nh8+ Kg7 81. Kxd5 Kxh8 82. Kc5 a3 83. Kxb5 a2 84. Kc6 a1=Q 85. b5 Qc3+ 86. Kd7 Qc7+ 87. Ke6 Qb6+ 0-1

[Event "*** Titled Tuesday Blitz"]
[Site "Chess.com"]
[Date "2020.05.19"]
[Round "8"]
[White "CuattroPrincesses"]
[Black "Azoulas1"]
[Result "1-0"]
[WhiteElo "2248"]
[BlackElo "1965"]
[TimeControl "180+1"]
[EndTime "13:38:03 PDT"]
[Termination "CuattroPrincesses won on time"]

1. e4 c5 2. Nf3 e6 3. d4 cxd4 4. Nxd4 Nf6 5. Nc3 Bb4 6. e5 Nd5 7. Bd2 Nxc3 8. bxc3 Be7 9. Qg4 O-O 10. Bd3 Nc6 11.
Nxc6 bxc6 12. Bh6 g6 13. Bxf8 Bxf8 14. O-O Qa5 15. Qd4 Bg7 16. f4 Bb7 17. Rab1 c5 18. Qc4 Bd5 19. Qb5 Qxc3 20. Kh1 c4 21.
Be2 Qxc2 22. Bf3 Bxf3 23. Rxf3 Qxa2 24. Rd1 Qc2 25. Qxd7 c3 26. Qd3 Qxd3 27. Rfxd3 Rc8 28. Rd8+ Rxd8 29. Rxd8+ Bf8 30. Rc8 a5 31. Rxc3 a4 32. Rc7 a3 33. Ra7 h5 34. h4 Kg7 35. g3 Bc5 36.
Ra6 Bf8 37. Kg2 Kg8 38. Kf3 Kg7 39. Ke4 Bc5 40. Kf3 Bf8 41. Ra5 Bb4 42. Ra4 Bf8 43. Ke4 Bc5 44. Ra6 Bf8 45. Kd4 Bb4 46. Kc4 Bf8 47.
Kb5 Kg8 48. Kc6 Kg7 49. Kd7 Bb4 50. Ra4 Bc5 51. Ke8 Kg8 52. Ra5 Bb4 53. Ra7 Bc5 54. Ra5 Bb4 55. Ra4 Bc5 56. Kd7 Kg7 57. Kc6 Bf8 58. Ra7 Bb4 59. Kd7 Bc5 60. Ra6 Bb4 61.
Ke8 Bc5 62. Ra8 Kg8 63. Kd7+ Kg7 64. Ra6 Bf8 65. Kc6 Bb4 66. Ra7 Bf8 67. Kd7 Bc5 68. Ra4 Bf8 69. Ke8 1-0

[Event "*** Titled Tuesday Blitz"]
[Site "Chess.com"]
[Date "2020.05.19"]
[Round "8"]
[White "Savva09022009"]
[Black "Supernotar"]
[Result "0-1"]
[WhiteElo "2421"]
[BlackElo "2659"]
[TimeControl "180+1"]
[EndTime "13:38:10 PDT"]
[Termination "Supernotar won on time"]

1. d4 d5 2. Nc3 Nf6 3. Bf4 a6 4.
e3 e6 5. Nf3 c5 6. Bd3 Nc6 7. dxc5 Bxc5 8. O-O O-O 9. e4 dxe4 10.
Nxe4 Be7 11. Qe2 Nd4 12. Nxd4 Qxd4 13. c3 Qd5 14. c4 Qc6 15. Nxf6+ Bxf6 16. Be4 Qb6 17.
Qc2 g6 18. Rab1 Bd7 19. Rfd1 Bc6 20. Rd6 Rfd8 21. c5 Qb5 22. Bxc6 bxc6 23. a4 Qb4 24. Bd2 Qb7 25. Rxd8+ Rxd8 26. Bc3 Bxc3 27. Qxc3 Rd5 28. b4 Qd7 29. Re1 Rd3 30. Qc4 Rd1 31.
Qe2 Rd2 32. Qxa6 Qd4 33. Rf1 Qxb4 34. Qxc6 Rc2 35. Qa8+ Kg7 36. c6 Qc5 37. Qb7 e5 38.
Qd7 e4 39. Qe8 f5 40. Qd7+ Kh6 41. g3 e3 42. Qe6 exf2+ 43. Kg2 Qd4 44. a5 f4 45. a6 fxg3 46. hxg3 Qc5 47. Rh1+ Kg7 48. Qd7+ Kf6 49. Rf1 Kg5 50. Qd8+ Kg4 51. Qd7+ Kg5 52.
Qd8+ Kg4 53. Qh4+ Kf5 54. Qf4+ Ke6 55. Rxf2 Qxc6+ 56. Kh2 Rxf2+ 57. Qxf2 Qxa6 58. Qe3+ Kf7 59. Kg2 Qc6+ 60. Qf3+ Qxf3+ 61. Kxf3 Kf6 62. Kf4 h6 63. Ke4 Kg5 64. Kf3 Kf5 65. g4+ Ke5 66. Ke3 g5 67.
Kf3 Kd4 68. Kf2 Ke4 69. Kg3 Ke3 70. Kg2 Kf4 71. Kf2 Kxg4 0-1

[Event "*** Titled Tuesday Blitz"]
[Site "Chess.com"]
[Date "2020.05.19"]
[Round "8"]
[White "alenee"]
[Black "swayamsm"]
[Result "0-1"]
[WhiteElo "2418"]
[BlackElo "2642"]
[TimeControl "180+1"]
[EndTime "13:38:11 PDT"]
[Termination "swayamsm won on time"]

1. e4 e6 2. Nf3 d5 3. exd5 exd5 4. d4 Nf6 5. Bd3 Bd6 6. O-O O-O 7. Bg5 Bg4 8. Nbd2 Nbd7 9. c3 c6 10. Re1 Qc7 11. Qc2 Bh5 12. Bh4 Rae8 13. Bg3 Bg6 14. b4 Nh5 15. a4 Nf4 16. Bxf4 Bxf4 17. g3 Bd6 18. a5 Nf6 19. Rxe8 Rxe8 20. Re1 Rxe1+ 21.
Nxe1 Qe7 22. Nef3 Qe2 23. Bxe2 Bxc2 24. Ne1 Ba4 25. f3 b6 26. axb6 axb6 27. Kf2 c5 28. dxc5 bxc5 29. Nd3 cxb4 30. cxb4 Bb5 31. Nc5 Bc6 32.
Ndb3 Nd7 33. Nxd7 Bxd7 34. Nc5 Bc6 35. Ke3 f6 36. f4 Kf7 37. Kd4 Ke7 38. Bf3 g5 39. fxg5 fxg5 40. Bxd5 Bb5 41. Be4 h5 42. Bf3 g4 43. Be4 h4 44. Bf5 Be2 45. Ne4 Bxb4 46. gxh4 Bf3 47. Ng3 Kf6 48. Ke3 Bc5+ 49. Kd2 Bg1 50. Bxg4 Bxg4 51. Nf1 Kg6 52. Ke1 Kh5 53.
Kd2 Kxh4 54. Ke1 Bh3 55. Ke2 Bg4+ 56. Ke1 Bc8 57. Ke2 Ba6+ 58. Ke1 Kh3 59. Ng3 Bxh2 60.
Ne2 Be5 61. Kf2 Kg4 62. Nc1 Bd4+ 63. Kg2 Bb7+ 64. Kf1 Kf3 65. Ke1 Bc6 66. Kd1 Ba4+ 67. Ke1 Bf2+ 68. Kd2 Be3+ 0-1